Map: Catalyseur EC

Players

Guettix

  • Race: Zerg Zerg
  • League: Diamond
  • Spawn Location: 5:00

HoldTheDoor - Winner!

  • Race: Protoss Protoss
  • League: Diamond
  • Spawn Location: 11:00

VOD

Have the link to the VOD?

Description

Time

  • Played on: July 15, 2018, 12:22 p.m.
  • Length: 9:31
Show
View Real Time Build Order
Export as new Build Order

Guettix Zerg 

Build Orders: Hatch First 

Get SALT Encoding   

  12  0:01  Drone  
  13  0:13  Overlord  
  13  0:18  Drone  
  14  0:31  Drone x2  
  14  0:35  Drone  
  17  0:46  Drone  
  18  0:58  Hatchery  
  18  1:00  Drone  
  18  1:02  Extractor  
  17  1:15  Spawning Pool  
  17  1:17  Drone  
  17  1:38  Drone x2  
  20  2:03  Queen, Spine Crawler  
  20  2:05  Overlord  
  20  2:06  Zergling x2  
  22  2:12  Spine Crawler  
  22  2:14  Spine Crawler  
  19  2:33  Zergling x6  
  21  2:40  Spine Crawler  
  18  2:46  Drone  
  19  2:58  Queen, Zergling x2  
  20  3:02  Hatchery  
  21  3:14  Drone  
  21  3:18  Zergling x6  
  25  3:31  Spine Crawler, Drone  
  25  3:42  Drone  
  26  3:49  Drone x3  
  26  3:52  Drone  
  30  4:13  Overlord x2  
  30  4:26  Drone x2  
  30  4:27  Queen  
  34  4:35  Spine Crawler  
  34  4:36  Drone  
  34  4:39  Drone  
  35  4:47  Drone x2  
  37  4:59  Spine Crawler  
  36  5:02  Drone  
  37  5:09  Drone  
  37  5:10  Queen  
  40  5:15  Zergling x4  
  40  5:16  Zergling x2  
  38  5:37  Zergling x6  
  38  5:39  Drone x5  
  29  6:00  Spine Crawler  
  28  6:22  Drone x2  
  28  6:23  Drone  
  30  6:34  Roach Warren  
  29  6:43  Zergling x6  
  29  6:46  Metabolic Boost  
  32  6:48  Drone  
  32  6:49  Drone  
  32  6:50  Drone  
  32  6:52  Drone  
  32  7:28  Roach x2  
  32  7:29  Roach x4  
  44  7:52  Overlord  
  44  7:53  Overlord  
  44  7:59  Hatchery  
  39  8:15  Roach x3  
  43  8:50  Overlord x2  
  43  8:51  Overlord  
Show
View Real Time Build Order
Export as new Build Order

HoldTheDoor Protoss - Winner!

Build Orders:  

Get SALT Encoding   

  12  0:00  Probe  
  13  0:12  Probe  
  14  0:25  Probe  
  15  0:38  Pylon  
  15  0:56  Probe  
  16  0:57  Gateway  
  16  0:58  Gateway  
  16  1:03  Gateway  
  16  1:15  Gateway  
  16  1:22  Pylon  
  16  1:36  Zealot x2  
  20  1:48  Zealot  
  22  1:56  Assimilator  
  22  1:58  Pylon  
  22  1:59  Probe  
  23  2:07  Zealot  
  25  2:14  Zealot  
  23  2:48  Zealot x2  
  23  2:49  Zealot x2  
  31  2:59  Assimilator  
  31  3:01  Pylon  
  31  3:15  Zealot  
  29  3:27  Zealot  
  29  3:28  Zealot x2  
  29  3:30  Probe  
  34  3:38  Probe  
  34  3:45  Zealot  
  37  3:55  Cybernetics Core  
  37  4:10  Zealot x2  
  37  4:15  Zealot  
  43  4:21  Warp Gate  
  43  4:25  Zealot  
  45  4:37  Zealot  
  47  4:47  Pylon  
  47  5:05  Probe, Adept x3  
  54  5:08  Pylon  
  50  5:37  Stalker  
  50  5:39  Stalker x2  
  34  6:04  Probe  
  27  6:32  Adept  
  27  6:33  Adept x2  
  27  6:37  Adept  
  35  6:42  Probe  
  36  6:54  Probe, Adept  
  37  6:57  Nexus  
  39  7:02  Pylon  
  39  7:36  Adept x3  
  39  7:37  Adept  
  46  7:41  Probe  
  47  7:53  Probe  
  48  8:03  Stalker x3  
  54  8:08  Probe  
  53  8:27  Stalker  
  53  8:30  Stalker, Pylon  
  57  8:40  Stalker  
  57  8:48  Stalker  
  57  9:15  Stalker x3  
Tags
 
Add a new tag
Caveats
  • Supply blocks, unpowered buildings, or Contaminate may cause inaccurate times.
  • Supply counts are checked every 10 seconds.